Map: Récif abyssal EC

Players

Frankxzx

  • Race: Terran Terran
  • League: Gold
  • Spawn Location: 11:00

zidar - Winner!

  • Race: Zerg Zerg
  • League: Gold
  • Spawn Location: 5:00

VOD

Have the link to the VOD?

Description

Time

  • Played on: June 26, 2017, 8:24 a.m.
  • Length: 14:33
Show
View Real Time Build Order
Export as new Build Order

Frankxzx Terran 

Build Orders: Gas First Reaper Expand 

Get SALT Encoding   

  12  0:00  SCV  
  13  0:12  SCV  
  14  0:17  Supply Depot  
  14  0:25  SCV  
  15  0:29  Refinery  
  15  0:38  SCV  
  16  0:45  Barracks  
  16  0:51  SCV  
  17  1:03  SCV  
  18  1:15  SCV  
  19  1:32  Orbital Command  
  19  1:34  Reaper  
  20  1:47  Command Center  
  20  2:05  SCV  
  20  2:06  Marine, Supply Depot  
  22  2:17  SCV  
  22  2:19  Factory  
  23  2:41  Bunker  
  23  2:43  SCV  
  24  2:44  Bunker  
  24  2:46  Factory  
  24  2:50  Supply Depot  
  24  2:55  SCV  
  24  2:58  Refinery  
  25  3:06  SCV, Barracks Reactor  
  26  3:22  Orbital Command  
  26  3:26  SCV  
  27  3:36  Starport  
  27  3:38  SCV  
  26  3:49  Widow Mine  
  26  3:53  SCV, Bunker  
  27  4:00  Marine  
  28  4:06  SCV  
  28  4:09  SCV  
  30  4:14  Liberator  
  32  4:17  Widow Mine  
  32  4:30  Barracks  
  32  4:34  Barracks  
  32  4:36  SCV  
  36  4:39  SCV  
  37  4:46  Marine x2  
  39  5:07  Factory Tech Lab  
  39  5:19  Supply Depot  
  39  5:20  Barracks Reactor  
  39  5:27  SCV  
  39  5:35  Marine x2  
  41  5:37  Barracks Tech Lab  
  41  5:39  SCV  
  42  5:42  Medivac  
  42  5:46  SCV  
  42  5:49  Supply Depot  
  45  5:52  Barracks  
  45  5:53  Marine x2  
  47  6:00  SCV x2  
  47  6:02  Engineering Bay  
  47  6:04  Engineering Bay  
  49  6:08  Bunker  
  49  6:10  Marine  
  50  6:12  SCV x2  
  52  6:22  Marine x3, Marauder  
  52  6:24  Medivac  
  59  6:26  Factory Tech Lab  
  59  6:28  Marine  
  59  6:29  Terran Infantry Weapons Level 1  
  60  6:44  SCV x2  
  60  6:46  Refinery  
  62  6:49  Refinery  
  53  6:56  SCV x2  
  52  7:08  SCV  
  50  7:16  Barracks  
  34  7:40  Siege Tank  
  34  7:43  Marine  
  40  7:45  Siege Tank  
  40  7:50  Marine  
  43  7:54  Marine  
  43  7:55  Marauder, Barracks  
  47  8:05  Marine  
  47  8:12  Marine  
  46  8:16  Marine  
  46  8:20  Marine  
  46  8:23  Marine, Bunker  
  42  8:30  Marine  
  42  8:34  Marine  
  43  8:40  Marine  
  43  8:41  Siege Tank  
  45  8:43  Marine  
  45  8:47  Marine  
  42  8:52  Marauder  
  44  8:58  Marine  
  44  9:00  Marine  
  46  9:13  Marine  
  46  9:16  Marine  
  47  9:18  Marine  
  47  9:31  Marauder  
  47  9:34  Marine  
  47  9:36  Marine  
  49  9:50  SCV  
  52  9:53  Marauder  
  52  10:03  SCV  
  53  10:13  Marine  
  49  10:17  Orbital Command  
  47  10:22  Marine  
  45  10:32  Marauder  
  45  10:33  Widow Mine  
  47  10:39  Marine  
  48  10:43  SCV  
  49  10:53  Marine  
  49  10:55  SCV  
  49  10:56  Bunker  
  51  10:57  Marine  
  51  11:00  SCV  
  53  11:07  SCV  
  54  11:12  Supply Depot  
  54  11:16  Marine, SCV, Supply Depot  
  58  11:19  SCV  
  58  11:21  Stimpack  
  58  11:24  Widow Mine  
  61  11:34  Missile Turret  
  61  11:37  Missile Turret  
  61  11:39  Widow Mine, Missile Turret  
  61  11:41  Missile Turret  
  61  11:42  Missile Turret  
  61  11:44  Missile Turret  
  46  12:07  Marine  
  46  12:08  Marauder  
  42  12:12  Bunker  
  40  12:27  Missile Turret  
  36  12:44  Marine x2  
  26  13:01  Marine x2  
  24  13:09  SCV  
  25  13:19  Marine  
  29  13:21  SCV  
  29  13:24  Widow Mine  
  29  13:26  Supply Depot  
  30  13:33  SCV  
  30  13:43  Bunker  
  30  13:45  SCV  
  31  13:51  Barracks Reactor  
Show
View Real Time Build Order
Export as new Build Order

zidar Zerg - Winner!

Build Orders: Hatch First 

Get SALT Encoding   

  12  0:02  Drone  
  13  0:12  Overlord  
  13  0:17  Drone  
  14  0:31  Drone x2  
  16  0:51  Hatchery  
  16  0:53  Drone  
  16  0:58  Extractor  
  16  0:59  Drone  
  16  1:18  Spawning Pool  
  15  1:20  Drone  
  15  1:25  Drone  
  17  1:29  Drone  
  18  1:35  Drone  
  19  2:04  Metabolic Boost  
  19  2:06  Queen x2  
  23  2:09  Zergling x2  
  23  2:13  Zergling x2  
  25  2:16  Zergling x2  
  26  2:30  Drone x2  
  27  2:38  Zergling x2  
  28  2:59  Roach Warren  
  27  3:12  Drone  
  28  3:15  Overlord x2  
  28  3:21  Pneumatized Carapace  
  28  3:24  Lair  
  27  3:58  Drone x9  
  36  4:05  Extractor  
  35  4:10  Roach  
  37  4:18  Extractor  
  36  4:34  Overlord x2  
  36  4:35  Overlord  
  36  4:36  Glial Reconstitution  
  36  5:05  Roach x12  
  60  5:09  Overseer  
  61  5:35  Ravager  
  61  5:38  Roach x3  
  61  5:41  Overlord x2  
  67  5:58  Spire  
  67  6:03  Overseer  
  67  6:11  Ravager  
  67  6:14  Ravager  
  47  7:44  Roach  
  47  7:45  Roach x13  
  47  7:49  Ravager  
  52  8:54  Roach  
  52  8:55  Roach x5  
  56  9:28  Mutalisk  
  56  9:29  Mutalisk x8  
  74  9:43  Roach  
  76  9:46  Overlord x3  
  70  10:10  Hatchery  
  41  10:34  Roach x12  
  41  10:35  Roach x2  
  69  10:52  Roach x3  
  75  11:01  Roach  
  75  11:02  Roach x6  
  89  11:07  Mutalisk  
  91  11:34  Mutalisk x3  
  37  12:59  Roach x13  
  37  13:01  Zergling x20  
  37  13:02  Zergling x6  
  70  13:08  Mutalisk  
  70  13:34  Mutalisk x4  
Tags
 
Add a new tag
Caveats
  • Supply blocks, unpowered buildings, or Contaminate may cause inaccurate times.
  • Supply counts are checked every 10 seconds.